 Dungeon Crawl Stone Soup version 0.26-a0-1205-g4083c211ab (webtiles) character file.

Game seed: 1782289393896402627

21 shakesphere1979 the Firebug (level 2, -2/15 HPs)
             Began as a Tengu Fire Elementalist on Dec 29, 2020.
             Slain by an adder (5 damage)
             ... on level 2 of the Dungeon.
             The game lasted 00:02:58 (1177 turns).

shakesphere1979 the Firebug (TeFE)                  Turns: 1177, Time: 00:02:59

Health: -2/15      AC:  2    Str:  8    XL:     2   Next: 87%
Magic:  6/6        EV: 12    Int: 15    God:
Gold:   77         SH:  0    Dex: 14    Spells: 4/5 levels left

rFire    . . .     SeeInvis .   c - +0 dagger (elec)
rCold    . . .     Faith    .   (no shield)
rNeg     . . .     Spirit   .   a - +0 robe
rPois    .         Reflect  .   (helmet restricted)
rElec    .         Harm     .   (no cloak)
rCorr    .         Rampage  .   (no gloves)
Will     .....                  (boots unavailable)
Stlth    ++........             (no amulet)
HPRegen  0.05/turn              (no ring)
MPRegen  0.10/turn              (no ring)

@: lethally poisoned (-2 -> -16)
A: beak, talons 3
a: no special abilities


You were on level 2 of the Dungeon.
You visited 1 branch of the dungeon, and saw 2 of its levels.

You collected 77 gold pieces.

Inventory:

Hand Weapons
 c - a +0 dagger of electrocution (weapon)
Missiles
 d - 76 stones
 j - 13 arrows
Armour
 a - a +0 robe (worn)
Jewellery
 b - an uncursed amulet of faith {unknown}
 g - an uncursed ring of wizardry {unknown}
Scrolls
 e - 2 scrolls of amnesia {unknown}
Potions
 f - a potion of might {unknown}
 h - a potion of brilliance {unknown}
 i - a potion of resistance {unknown}


   Skills:
 - Level 2.1 Dodging
 + Level 2.4 Stealth
 + Level 2.3 Spellcasting
 + Level 2.1 Conjurations
 + Level 3.6 Fire Magic


You had 4 spell levels left.
You knew the following spells:

 Your Spells              Type           Power        Failure   Level
a - Foxfire               Conj/Fire      40%          7%          1

Your spell library contained the following spells:

 Spells                   Type           Power        Failure   Level
 Conjure Flame            Conj/Fire      10%          21%         3
 Inner Flame              Hex/Fire       7%           30%         3
 Sticky Flame             Conj/Fire      10%          54%         4
 Fireball                 Conj/Fire      5%           88%         5


Dungeon Overview and Level Annotations

Branches:
Dungeon (2/15)

Altars:


Innate Abilities, Weirdness & Mutations

You have a beak for a mouth.
You have claws for feet.


Message History

There is a stone staircase leading down here.
You see here a ring mail.
You open the door.
There is an open door here.
There is a stone staircase leading down here.
You climb downwards.
An adder and a hobgoblin come into view.
The adder hisses angrily.
The hobgoblin shouts!
The adder bites you.
You are poisoned.
The adder poisons you! The adder barely misses you.
There is a stone staircase leading up here.
You completely miss the adder.
You feel sick. The adder bites you.
You are lethally poisoned!
The adder poisons you!
You miss the adder. Your kick misses the adder.
You feel sick. The adder bites you but does no damage. The hobgoblin hits you.
* * * LOW HITPOINT WARNING * * *
The adder bites you.
You die...

.. #.## ...#
...# ...#
#####...####
.###...Sg......
.......@.......
.###...........
###.......##
#.#...#.# #.
...# # #. ...#
#. #.## #. ..


You could see an adder and a hobgoblin.

Vanquished Creatures
  A dart slug (D:1)
  A giant cockroach (D:1)
  2 goblins (D:1)
  2 hobgoblins (D:1)
  2 jackals (D:1)
  3 kobolds (D:1)
  2 bats (D:1)
  6 rats
19 creatures vanquished.

Vanquished Creatures (others)
  15 foxfires (D:1)
15 creatures vanquished.

Grand Total: 34 creatures vanquished

Notes
Turn   | Place    | Note
-------+----------+-------------------------------------------
     0 | D:1      | shakesphere1979 the Tengu Fire Elementalist began the quest
                  | for the Orb.
     0 | D:1      | Reached XP level 1. HP: 10/10 MP: 4/4
   196 | D:1      | Reached XP level 2. HP: 15/15 MP: 6/6
  1177 | D:2      | Slain by an adder

Illustrated notes

Levels and vault maps discovered:
D:1:      onia_arrival_pentagram, layout_basic, amcnicky_mini_corridor_feature,
          kennysheep_decorative_pillar
D:2:      layout_loops_cross, minmay_tetromino_i2, uniq_natasha

Skill      XL: |  1  2 |
---------------+-------+-----
Conjurations   | 2 |  2.1
Dodging        | |  2.1
Stealth        | |  2.4
Spellcasting   | |  2.3
Fire Magic     | |  3.6

Action                   || total
-------------------------++-------
Melee: Dagger            ||    26
       Kick              ||     2
       Peck              ||     1
 Cast: Foxfire           ||    10
 Stab: Sleeping          ||     2
Armor: Robe              ||     6
Dodge: Dodged            ||    17

Table legend: (Time is in decaauts)
 A = Elapsed time spent in this place.
 B = Non-inter-level travel time spent in this place.
 C = Inter-level travel time spent in this place.
 D = Time resting spent in this place.
 E = Time spent auto-exploring this place.
 F = Levels seen in this place.
 G = Mean time per level.
                   A        B        C        D        E       F      G
               +--------+--------+--------+--------+--------+-----+--------+
         Total |   1177 |   1130 |     47 |    244 |    640 |   2 |  588.5 |
       Dungeon |   1177 |   1130 |     47 |    244 |    640 |   2 |  588.5 |
               +--------+--------+--------+--------+--------+-----+--------+

Top non-repeatable levels by time:
     D:1: 1158 daAuts
     D:2: 19 daAuts
